 Dungeon Crawl Stone Soup version 0.27.0-1-g7a089689b8 (webtiles) character file.

Game seed: 16818272673760145467

99 Spaninq the Bolt Thrower (level 5, 0/31 HPs)
             Began as a Kobold Arcane Marksman on Aug 3, 2021.
             Succumbed to Crazy Yiuf's poison
             ... on level 2 of the Dungeon.
             The game lasted 00:06:45 (3553 turns).

Spaninq the Bolt Thrower (Kobold Arcane Marksman)   Turns: 3553, Time: 00:06:46

Health: 0/31       AC:  3    Str:  8    XL:     5   Next: 2%
Magic:  6/6        EV: 15    Int: 15    God:
Gold:   65         SH:  0    Dex: 15    Spells: 3/6 levels left

rFire    . . .     SeeInvis .   a - +0 hand crossbow
rCold    . . .     Faith    .   (shield restricted)
rNeg     . . .     Spirit   .   d - +0 robe
rPois    .         Reflect  .   k - +0 helmet
rElec    .         Harm     .   (no cloak)
rCorr    .         Rampage  .   (no gloves)
Will     .....                  (no boots)
Stlth    ++........             (no amulet)
HPRegen  0.10/turn              (no ring)
MPRegen  0.10/turn              (no ring)

@: mighty, lethally poisoned (0 -> -9), flying, very slightly contaminated,
hasted, invisible, very quick
A: small, no large weapons, nightstalker 3
a: no special abilities


You were on level 2 of the Dungeon.
You visited 1 branch of the dungeon, and saw 2 of its levels.

You collected 65 gold pieces.

Inventory:

Hand Weapons
 a - a +0 hand crossbow (weapon)
 e - a +0 flail
Missiles
 c - 9 bolts (quivered ammo)
Armour
 d - a +0 robe (worn)
 h - a +0 chain mail
 k - a +0 helmet (worn)
Scrolls
 f - a scroll of identify {unknown}
 i - 3 scrolls of teleportation {unknown}
Potions
 j - a potion of haste


   Skills:
 + Level 2.4 Fighting
 * Level 4.4 Crossbows
 + Level 3.5 Dodging
 - Level 1.1 Spellcasting
 - Level 3.0 Hexes


You had 3 spell levels left.
You knew the following spells:

 Your Spells              Type           Power      Damage    Failure   Level
a - Corona                Hex            10%        N/A       7%          1
b - Slow                  Hex            9%         N/A       11%         2

Your spell library contained the following spells:

 Spells                   Type           Power      Damage    Failure   Level
 Inner Flame              Hex/Fire       5%         N/A       36%         3
 Portal Projectile        Hex/Tloc       10%        N/A       36%         3
 Cause Fear               Hex            4%         N/A       56%         4


Dungeon Overview and Level Annotations

Branches:
Dungeon (2/15)

Altars:

Annotations:
D:2 Crazy Yiuf, Sigmund


Innate Abilities, Weirdness & Mutations

You are small and have problems with some larger weapons.
You are completely attuned to the shadows.


Message History

You shoot a bolt. The bolt hits Crazy Yiuf.
Crazy Yiuf is heavily wounded.
Crazy Yiuf hits you with a +4 quarterstaff of chaos! x2
You are lethally poisoned!
Fire: 11 bolts
Press: ? - help, Q - select action, (/) - cycle Shift-Dir - straight line, f/p - Crazy Yiuf
Aim: Crazy Yiuf, wielding a +4 quarterstaff of chaos and wearing a +0 cloak (heavily wounded, 69% to hit)
Okay, then.
It was a potion of haste.
You feel yourself speed up.
* * * LOW HITPOINT WARNING * * *
You feel very sick. Crazy Yiuf barely misses you.
It was a potion of flight.
You feel very buoyant.
You fly up into the air.
* * * LOW HITPOINT WARNING * * *
You feel sick.
It was a potion of might.
You feel very mighty all of a sudden.
* * * LOW HITPOINT WARNING * * *
You feel very sick. Crazy Yiuf misses you.
It was a potion of invisibility.
You fade into invisibility!
* * * LOW HITPOINT WARNING * * *
You feel sick. Crazy Yiuf misses you.
You are very lightly contaminated with residual magic.
Fire: 11 bolts
Press: ? - help, Q - select action, (/) - cycle Shift-Dir - straight line, f/p - Crazy Yiuf
Aim: Crazy Yiuf, wielding a +4 quarterstaff of chaos and wearing a +0 cloak (heavily wounded, 69% to hit)
You shoot a bolt. The bolt barely misses Crazy Yiuf.
* * * LOW HITPOINT WARNING * * *
You feel sick.
Fire: 10 bolts
Press: ? - help, Q - select action, (/) - cycle Shift-Dir - straight line, f/p - Crazy Yiuf
Aim: Crazy Yiuf, wielding a +4 quarterstaff of chaos and wearing a +0 cloak (heavily wounded, 69% to hit)
You shoot a bolt.
The bolt hits Crazy Yiuf but does no damage.
Crazy Yiuf is heavily wounded.
You die...

.........................#(#
..................######.#.#
..................# #.#.###
...)....########### #.#...#
........# #.###.# ...###..#
#.# #.# ....##..##♣♣ ## #.#
#.# ....##.....♣♣ ♣♣#..) #.#
#.# ..........PP♣♣♣♣@g..(
#.# #.#
#..........P.♣..♣#... #.#
#.# #.........P.♣.♣♣♣ ## #.#
#.# #...#...##♣♣♣♣♣ #.# #.#
#...#...# #.# #.#
#...#...####### ###.# #.##
#####.........# #.#.# #..#
..# #.........######
#.#.###.## ..#
#..............# #.#.....#


You could see Crazy Yiuf.

Vanquished Creatures
  A gnoll (D:1)
  3 adders (D:2)
  A worm (D:2)
  A dart slug (D:1)
  2 bats
  5 endoplasms
  A giant cockroach (D:1)
  4 goblins
  3 hobgoblins
  9 jackals
  3 quokkas
  9 ball pythons
  4 frilled lizards
  3 kobolds
  6 rats
55 creatures vanquished.

Notes
Turn   | Place    | Note
-------+----------+-------------------------------------------
     0 | D:1      | Spaninq the Kobold Arcane Marksman began the quest for the
                  | Orb.
     0 | D:1      | Reached XP level 1. HP: 12/12 MP: 2/2
    72 | D:1      | Reached XP level 2. HP: 12/16 MP: 3/3
    95 | D:1      | Reached skill level 3 in Crossbows
   451 | D:1      | Reached XP level 3. HP: 19/21 MP: 4/4
  1312 | D:1      | Found a faded altar of an unknown god.
  1413 | D:2      | Noticed Sigmund
  1539 | D:2      | Reached XP level 4. HP: 26/26 MP: 5/5
  1601 | D:2      | Reached skill level 4 in Crossbows
  3308 | D:2      | Reached XP level 5. HP: 22/31 MP: 6/6
  3411 | D:2      | Learned a level 2 spell: Slow
  3538 | D:2      | Found a runed translucent door.
  3541 | D:2      | Noticed Crazy Yiuf
  3553 | D:2      | Succumbed to Crazy Yiuf's poison

Illustrated notes

Levels and vault maps discovered:
D:1:      ncdulo_lavacross, layout_rooms, basic_ecumenical_altar
D:2:      layout_basic, kennysheep_generic_room_14, uniq_sigmund,
          uniq_crazy_yiuf_cottage

Skill      XL: |  1  2  3  4 |
---------------+-------------+-----
Crossbows      | 3 4 |  4.4
Dodging        | 3 |  3.5
Fighting       | 2 |  2.4
Spellcasting   | |  1.1
Hexes          | |  3.0

Action                   |  1- 3 |  4- 6 || total
-------------------------+-------+-------++-------
Melee: Flail             |    42 |    92 ||   134
 Fire: Hand crossbow     |    54 |     6 ||    60
 Cast: Corona            |     1 |       ||     1
  Use: Potion            |       |     4 ||     4
 Stab: Sleeping          |     6 |     6 ||    12
Armor: Robe              |    14 |    18 ||    32
Dodge: Dodged            |    84 |    91 ||   175
